 Dungeon Crawl Stone Soup version 0.19-a0-1457-g32fba05 (webtiles) character file.

5772 Amnesiac the Bewitcher (level 10, -4/37 HPs)
             Began as a Felid Enchanter on Sept 7, 2016.
             Was a High Priest of Dithmenos.
             Slain by a jumping spider (16 damage)
             ... on level 2 of the Lair of Beasts.
             The game lasted 00:25:50 (11999 turns).

Amnesiac the Bewitcher (Felid Enchanter)           Turns: 11999, Time: 00:25:51

Health: -4/37      AC:  2    Str:  4    XL:     10   Next: 49%
Magic:  9/18       EV: 11    Int: 19    God:    Dithmenos [*****.]
Gold:   595        SH:  0    Dex: 18    Spells: 6 memorised, 1 level left
                                        Lives:  0   Deaths: 3

rFire  . . .     SeeInvis +       - Unarmed
rCold  . . .     Gourm    .     (armour unavailable)
rNeg   . . .     Faith    .     (shield unavailable)
rPois  .         Spirit   .     (helmet unavailable)
rElec  .         Dismiss  .     (cloak unavailable)
rCorr  .         Reflect  .     (gloves unavailable)
MR     ++...     Harm     .     (boots unavailable)
Stlth  +++++++++.               (no amulet)
                                y - ring of protection from magic
                                l - +3 ring of evasion

@: held, wreathed by umbra, quick
A: no armour, no weapons or thrown items, claws 1, fangs 3, see invisible,
carnivore 3, speed 1, shaggy fur 2, slow metabolism 1, sharp paws
a: Shadow Step, Shadow Form, Renounce Religion


You were on level 2 of the Lair of Beasts.
You worshipped Dithmenos.
Dithmenos was extremely pleased with you.
You were not hungry.

You visited 2 branches of the dungeon, and saw 11 of its levels.

You collected 595 gold pieces.

Inventory:

Jewellery
 l - a +3 ring of evasion (left paw)
 y - a ring of protection from magic (right paw)
 A - an uncursed ring of ice
Wands
 C - a wand of iceblast (5/15)
 D - a wand of flame (28/48)
Scrolls
 e - 11 scrolls of remove curse {unknown}
 f - 3 scrolls of teleportation {unknown}
 h - 10 scrolls of identify {unknown}
 i - 4 scrolls of magic mapping {unknown}
 k - 3 scrolls of enchant weapon {unknown}
 p - 2 scrolls of amnesia {unknown}
 q - 2 scrolls of immolation {unknown}
 s - 2 scrolls of random uselessness {unknown}
 t - 2 scrolls of blinking {unknown}
 u - 5 scrolls of recharging {unknown}
Potions
 c - 3 potions of haste
 d - a potion of berserk rage {unknown}
 j - 3 potions of degeneration {unknown}
 m - a potion of agility {unknown}
 n - a potion of heal wounds {unknown}
 o - 2 potions of lignification {unknown}
 r - a potion of brilliance {unknown}
 v - a potion of invisibility {unknown}
 w - a potion of ambrosia {unknown}
 z - 4 potions of curing {unknown}
 F - 2 potions of mutation {unknown}
 G - a potion of might {unknown}
Books
 a - a book of Maledictions

   Spells                             Type                      Level
   a - Corona                         Hexes                        1
   b - Ensorcelled Hibernation        Hexes/Ice                    2
   c - Confuse                        Hexes                        3
   d - Tukima's Dance                 Hexes                        3
   e - Dazzling Spray                 Conjuration/Hexes            3
 x - a book of Burglary

   Spells                             Type                      Level
   a - Swiftness                      Charms/Air                   2
   b - Passwall                       Transmutation/Earth          2
   c - Passage of Golubria            Translocation                4
   d - Lee's Rapid Deconstruction     Earth                        5
   e - Darkness                       Hexes                        6
   f - Invisibility                   Hexes                        6
 E - a book of the Warp

   Spells                             Type                      Level
   a - Gell's Gravitas                Hexes/Translocation          3
   b - Force Lance                    Conjuration/Translocation    4
   c - Summon Forest                  Summoning/Translocation      5
   d - Dispersal                      Translocation                6
   e - Controlled Blink               Translocation                8
   f - Disjunction                    Translocation                8
 I - a book of Dreams

   Spells                             Type                      Level
   a - Ensorcelled Hibernation        Hexes/Ice                    2
   b - Silence                        Hexes/Air                    5
   c - Darkness                       Hexes                        6
   d - Shadow Creatures               Summoning                    6
Miscellaneous
 B - a fan of gales
Comestibles
 b - 3 meat rations
 g - 3 beef jerkies


   Skills:
 - Level 2.6 Dodging
 - Level 12.0 Stealth
 + Level 11.4 Unarmed Combat
 - Level 5.0 Spellcasting
 - Level 15.0 Hexes


You had one spell level left.
You knew the following spells:

 Your Spells              Type           Power        Failure   Level  Hunger
a - Corona                Hex            ######.      1%          1    None
b - Tukima's Dance        Hex            ######..     1%          3    ##.....
c - Invisibility          Hex            ######..     4%          6    #######
d - Dazzling Spray        Conj/Hex       ####..       1%          3    ##.....
e - Confuse               Hex            ######..     1%          3    ##.....
f - Ensorcelled Hibernat  Hex/Ice        ####..       1%          2    #......


Dungeon Overview and Level Annotations

Branches:
Dungeon (9/15)             Temple (0/1) D:5            Lair (2/6) D:9
 Spider (0/4) Lair:2
  Swamp: Lair:2-4    Shoals: Lair:2-4       Orc: D:9-12

Altars:
Cheibriados
Dithmenos
Elyvilon
Fedhas
Gozag
Nemelex Xobeh
Okawaru
Qazlal
Ru
Sif Muna
Uskayaw
Vehumet
Xom
Zin
The Shining One

Shops:
D:8 (


Innate Abilities, Weirdness & Mutations

You cannot wear armour.
You are incapable of wielding weapons or throwing items.
You have sharp claws.
You have razor-sharp teeth.
You have supernaturally acute eyesight. (SInv)
You are carnivorous and can eat meat at any time.
You cover ground quickly.
You are covered in thick fur. (AC +2)
You have a slow metabolism.
Your sharp claws are effective at attacking unaware monsters.


Message History

Casting: Confuse
Confirm with . or Enter, or press ? or * to list all spells.
Aiming: Confuse
Press: ? - help, Shift-Dir - straight line, f/p - jumping spider
Aim: a jumping spider (confused, clinging, umbra, chance to defeat MR: 76%)
The jumping spider barely resists.
You claw the fungus!
The fungus is moderately damaged.
The jumping spider closely misses you. The jumping spider barely misses you.
The jumping spider pounces on you!
You are caught in a web!
The jumping spider barely misses you.
Casting: Confuse
Confirm with . or Enter, or press ? or * to list all spells.
Aiming: Confuse
Press: ? - help, Shift-Dir - straight line, f - jumping spider, p - jumping spider
Aim: a jumping spider (umbra, chance to defeat MR: 76%)
The jumping spider barely resists.
The jumping spider pounces on you!
You are even more entangled.
The jumping spider bites you. The jumping spider pounces on you!
You die...

...... ##^###.#.##.....
≈♣....##^###.#^#.#.....
≈♣.....≈...#.#.#........
.......≈.>..#.#^........
.......≈...###^#........
..>..#.##.###.###.#.....
##....###.#.#.#.##.....
##..s.###†#.#.###..##.
##.s@##.###.####.....
##P..#########......
###................
##P##........>...
######.#.......<
##......... ##........
#P........ #.........


You could see 2 jumping spiders.

Vanquished Creatures
  An elephant (D:9)
  3 spiny frogs
  3 komodo dragons (Lair:1)
  A jumping spider (Lair:2)
  A two-headed ogre (D:9)
  5 blink frogs (Lair:2)
  3 redbacks (Lair:2)
  7 yaks (Lair:1)
  2 basilisks (Lair:1)
  4 hippogriffs
  3 water moccasins (Lair:1)
  Edmund (D:4)
  5 porcupines
  3 orc warriors
  2 ice beasts
  A phantom (D:6)
  A black bear (D:7)
  A sky beast (D:6)
  7 ogres
  4 wolves (Lair:1)
  6 centaurs
  7 crocodiles
  8 giant frogs
  2 scorpions
  11 wights
  5 howler monkeys
  An electric eel (D:6)
  2 crimson imps
  A jelly (D:9)
  A centaur skeleton (D:5)
  An orc priest (D:7)
  2 hounds
  A giant frog skeleton (D:5)
  Natasha (thrice) (D:3 D:5)
  5 iguanas
  4 worker ants
  A hound zombie (D:5)
  A hound skeleton (D:6)
  11 gnolls
  13 adders
  23 river rats
  A shadow imp (D:7)
  An ooze (D:2)
  An adder skeleton (D:6)
  4 worms
  4 giant geckos
  19 orcs
  2 giant cockroaches
  10 goblins
  8 hobgoblins
  10 jackals
  9 kobolds
  5 quokkas
  2 ball pythons
  5 bats
  2 giant newts
  A quokka skeleton (D:7)
  5 rats
  2 toadstools (D:1)
258 creatures vanquished.

Vanquished Creatures (others)
  An orc (D:6)
  A hobgoblin (D:3)
  4 fungi
  2 toadstools (D:1)
8 creatures vanquished.

Grand Total: 266 creatures vanquished

Notes
Turn   | Place    | Note
-------+----------+-------------------------------------------
     0 | D:1      | Amnesiac the Felid Enchanter began the quest for the Orb.
     0 | D:1      | Reached XP level 1. HP: 7/7 MP: 4/4
   224 | D:3      | Noticed Natasha
   349 | D:1      | Reached XP level 2. HP: 11/11 MP: 6/6
   353 | D:1      | Learned a level 2 spell: Ensorcelled Hibernation
   563 | D:2      | Found an opulent altar of Gozag.
   775 | D:3      | Found a shadowy altar of Dithmenos.
   791 | D:3      | Became a worshipper of Dithmenos the Shadowed
   969 | D:1      | Reached skill level 5 in Hexes
  1345 | D:2      | Reached XP level 3. HP: 14/14 MP: 4/7
  1677 | D:2      | Found a blossoming altar of Fedhas.
  2055 | D:3      | Reached XP level 4. HP: 16/18 MP: 8/8
  2163 | D:3      | Reached * piety under Dithmenos
  2178 | D:3      | Found a stormy altar of Qazlal.
  2229 | D:3      | Learned a level 3 spell: Confuse
  2233 | D:3      | Killed Natasha
  2241 | D:3      | Noticed Natasha
  2263 | D:3      | Slain by Natasha
  2264 | D:3      | Reached XP level 3. HP: -3/14 MP: 0/7
  2494 | D:3      | Found a glowing silver altar of Zin.
  2551 | D:3      | Reached XP level 4. HP: 18/18 MP: 8/8
  3131 | D:4      | Reached skill level 5 in Unarmed Combat
  3208 | D:4      | Found a deep blue altar of Sif Muna.
  3276 | D:4      | Reached XP level 5. HP: 21/21 MP: 0/9
  3391 | D:4      | Noticed Edmund
  3896 | D:4      | Killed Edmund
  4127 | D:4      | Found a glowing golden altar of the Shining One.
  4178 | D:4      | Gained mutation: You are covered in thick fur. (AC +2) [Felid growth]
  4178 | D:4      | Reached XP level 6. HP: 24/24 MP: 10/10
  4186 | D:4      | Learned a level 3 spell: Tukima's Dance
  4373 | D:4      | Found a sacrificial altar of Ru.
  4613 | D:5      | Entered Level 5 of the Dungeon
  4698 | D:5      | Killed Natasha
  4764 | D:5      | Found a staircase to the Ecumenical Temple.
  4766 | D:5      | Noticed Natasha
  4776 | D:5      | Killed Natasha
  4920 | D:5      | Found a sparkling altar of Nemelex Xobeh.
  4969 | D:5      | Reached XP level 7. HP: 19/27 MP: 4/11
  5115 | D:5      | Found a shimmering altar of Xom.
  5124 | D:5      | Reached ** piety under Dithmenos
  5314 | D:5      | Found a hide-covered altar of Uskayaw.
  5576 | D:5      | Found a snail-covered altar of Cheibriados.
  5689 | D:6      | Reached XP level 8. HP: 31/31 MP: 8/12
  5887 | D:6      | Reached skill level 10 in Stealth
  6081 | D:6      | Found an iron altar of Okawaru.
  6102 | D:6      | Hit by a stone thrown by a gnoll
  6103 | D:6      | Reached XP level 7. HP: -2/27 MP: 2/11
  6229 | D:6      | Reached XP level 8. HP: 31/31 MP: 6/12
  6256 | D:6      | Reached *** piety under Dithmenos
  7438 | D:7      | Reached skill level 5 in Spellcasting
  7501 | D:7      | Reached skill level 6 in Hexes
  7501 | D:7      | Reached XP level 9. HP: 34/34 MP: 17/17
  7588 | D:7      | Found a white marble altar of Elyvilon.
  7680 | D:7      | Reached skill level 7 in Hexes
  7874 | D:8      | Reached skill level 8 in Hexes
  8175 | D:8      | Found Yhusahe's Antique Weapon Boutique.
  8184 | D:8      | Reached skill level 9 in Hexes
  8598 | D:9      | Learned a level 6 spell: Invisibility
  8604 | D:9      | Reached **** piety under Dithmenos
  8610 | D:9      | Found a radiant altar of Vehumet.
  8661 | D:9      | Reached skill level 10 in Hexes
  8718 | D:9      | Found a staircase to the Lair.
  8719 | D:9      | Noticed an elephant
  8737 | D:9      | Reached skill level 11 in Hexes
  8799 | D:9      | Killed an elephant
  8976 | D:9      | Reached skill level 12 in Hexes
  9200 | Lair:1   | Entered Level 1 of the Lair of Beasts
  9201 | Lair:1   | Reached XP level 10. HP: 37/37 MP: 18/18
  9304 | Lair:1   | Reached skill level 13 in Hexes
  9502 | Lair:1   | Noticed a spiny frog
  9507 | Lair:1   | Killed a spiny frog
  9520 | Lair:1   | Reached skill level 14 in Hexes
  9534 | Lair:1   | Reached skill level 15 in Hexes
 10285 | Lair:1   | Noticed a spiny frog
 10293 | Lair:1   | Killed a spiny frog
 10303 | Lair:1   | Reached ***** piety under Dithmenos
 10419 | Lair:1   | Reached XP level 11. HP: 30/40 MP: 15/19
 10843 | Lair:2   | Reached skill level 10 in Unarmed Combat
 11792 | Lair:2   | Learned a level 3 spell: Dazzling Spray
 11837 | Lair:2   | Mangled by a blink frog
 11838 | Lair:2   | Reached XP level 10. HP: -11/37 MP: 14/18
 11888 | Lair:2   | Found a hole to the Spider Nest.
 11999 | Lair:2   | Slain by a jumping spider

Vault maps used:
D:1:      ldierk_water_garden, minmay_misc_feat_rugged
D:2:      old_standard_altar, fedhas_altar_fruit_tree, minmay_liquid_box
D:3:      nicolae_dithmenos_through_a_glass_darkly, zin_treasury,
          grunt_qazlal_clouds, uniq_natasha
D:4:      nicolae_ru_awakened_eye, kennysheep_mini, lemuel_doored_altar,
          grunt_decor_fettered, uniq_edmund
D:5:      lemuel_coloured_pillars_altar, lemuel_crystal_altar,
          lemuel_crystal_altar, marbit_many_paths, first_bread,
          serial_bayou_lagoon_b
D:6:      corexii_shack_village, okawaru_altar_gauntlet_db,
          kennysheep_generic_room_11
D:7:      elyvilon_altar_3
D:8:      serial_shops, nicolae_shop_trees
D:9:      vehumet_altar_wand_db, david_lair_generic
Lair:1:   grunt_megastairs_1
Lair:2:   nicolae_spider_entry_tight_spaces, nicolae_quartered_pool_super

Skill      XL: |  1  2  3  4  5  6  7  8  9 10 11 |
---------------+----------------------------------+-----
Unarmed Combat | 2 3 5 6 8 9 11 | 11.4
Hexes          | 5 6 12 15 | 15.0
Stealth        | 6 11 12 | 12.0
Spellcasting   | 5 |  5.0
Dodging        | |  2.6

Action                   |  1- 3 |  4- 6 |  7- 9 | 10-12 || total
-------------------------+-------+-------+-------+-------++-------
Melee: Unarmed           |    76 |    99 |   246 |   142 ||   563
       Punch             |     1 |     1 |     3 |     2 ||     7
       Bite              |     1 |    10 |    18 |     3 ||    32
 Cast: Ensorcelled Hiber |    16 |    28 |    23 |    63 ||   130
       Confuse           |       |    17 |    42 |    13 ||    72
       Invisibility      |       |       |       |     3 ||     3
  Use: Potion            |       |     1 |       |       ||     1
 Stab: Sleeping          |    25 |    22 |    52 |    63 ||   162
       Distracted        |     3 |       |     1 |     1 ||     5
       Confused          |       |     4 |    21 |     2 ||    27
       Invisible         |       |       |       |     5 ||     5
  Eat: Chunk             |    16 |     9 |    19 |     8 ||    52
Armor: Skin              |       |       |     6 |       ||     6
Dodge: Dodged            |    38 |    50 |   204 |    96 ||   388
